 Dungeon Sprint DCSS version 0.29.1-2-gbd0b4ee654 (webtiles) character file.

Game seed: 12116053397279081145

184 Arandomuser85 the Covert (level 5, -3/33 HPs)
             Began as a Kobold Brigand on Nov 18, 2022.
             Was an Initiate of Dithmenos.
             Slain by a spriggan
             ... wielding a +0 dagger
              (11 damage)
             ... in the Dungeon (Sprint IV: "Fedhas' Mad Dash").
             The game lasted 00:01:03 (361 turns).

Arandomuser85 the Covert (Kobold Brigand)            Turns: 361, Time: 00:01:04

Health: -3/33      AC:  3    Str:  8    XL:     5   Next: 95%
Magic:  5/5        EV: 17    Int: 13    God:    Dithmenos [......]
Gold:   38         SH:  0    Dex: 18    Spells: 4/4 levels left

rFire   . . .      SeeInvis .   a - +2 dagger
rCold   . . .      Faith    .   (no shield)
rNeg    . . .      Spirit   .   b - +0 robe
rPois   .          Reflect  .   (no helmet)
rElec   .          Harm     .   c - +0 cloak
rCorr   .          Rampage  .   (no gloves)
Will    .....      NoTele   +   (no boots)
Stlth   +++++++...              (no amulet)
HPRegen 0.11/turn               (no ring)
MPRegen 0.09/turn               (no ring)

@: hasted, studying Dodging, very quick
A: small, no large weapons, nightstalker 3
a: Renounce Religion


You were in the Dungeon.
You worshipped Dithmenos.
Dithmenos was noncommittal.
You visited 1 branch You collected 38 gold pieces.

Inventory:

Hand Weapons
 a - a +2 dagger (weapon)
Missiles
 d - 9 poisoned darts (quivered)
 e - 3 curare-tipped darts
Armour
 b - a +0 robe (worn)
 c - a +0 cloak (worn)
Jewellery
 g - the amulet of invisibility {+Inv}
   (You found it in the Dungeon)

   [amulet of nothing]

   +Inv:      It lets you turn invisible.
Scrolls
 m - a scroll of magic mapping {unknown}
Potions
 i - 2 potions of magic
 j - 2 potions of invisibility {unknown}


   Skills:
 * Level 4.3 Fighting
 * Level 5.3 Short Blades
 - Level 2.1 Throwing
 * Level 4.6 Dodging
 * Level 13.7 Stealth


You had 4 spell levels left.
You didn't know any spells.
Your spell library contained the following spells:

 Spells                   Type           Power      Damage    Failure   Level
 Animate Armour           Summ/Erth      0%         N/A       97%         4
 Blade Hands              Tmut           0%         N/A       100%        5
 Iron Shot                Conj/Erth      0%         9d1       100%        6


Dungeon Overview and Level Annotations

Branches:
Dungeon (1/1)

Altars:
Cheibriados
Dithmenos
Elyvilon
Gozag
Hepliaklqana
Kikubaaqudgha
Makhleb
Nemelex Xobeh
Okawaru
Qazlal
Ru
Sif Muna
Trog
Uskayaw
Vehumet
Wu Jian
Xom
Yredelemnul
Zin
The Shining One
Jiyva
Lugonu


Innate Abilities, Weirdness & Mutations

You are small and have problems with some larger weapons.
You are completely attuned to the shadows.


Message History

You miss the spriggan. The spriggan hits you with a +0 dagger.
* * * LOW HITPOINT WARNING * * *
The spriggan completely misses you.
Unknown command.
Blink to where?
Press: ? - help, Q - select action, (/) - cycle Dir - move target
As you read the scroll of blinking, it crumbles to dust.
You close the door.
A spriggan breaks down the door.
There is a corrupted altar of Lugonu here.
There is an ancient bone altar of Kikubaaqudgha here.
There is a viscous altar of Jiyva here.
There is a hazy altar of Hepliaklqana here.
There is an opulent altar of Gozag here.
The spriggan attacks as you move away! The spriggan barely misses you.
There is an open door here.
The spriggan attacks as you move away! The spriggan closely misses you.
You see here a +0 ring mail.
The spriggan attacks as you move away! The spriggan closely misses you.
You feel better. The spriggan hits you with a +0 rapier.
Unknown command.
You hit the spriggan.
The spriggan is moderately wounded.
The spriggan misses you.
You closely miss the spriggan.
The spriggan is moderately wounded.
The spriggan hits you with a +0 dagger.
* * * LOW HITPOINT WARNING * * *
You barely miss the spriggan.
The spriggan is moderately wounded.
The spriggan barely misses you. The spriggan misses you.
You hit the spriggan but do no damage.
The spriggan is moderately wounded.
Unknown command.
You hit the spriggan.
The spriggan is severely wounded.
The spriggan closely misses you.
You hit the spriggan but do no damage.
The spriggan is severely wounded.
The spriggan hits you with a +0 dagger!
You die...

###############################
#<..P#.....#..@i.#.⌠._._._._.⌠.
#PP..'.....'.#.i.'.._._._._._..
#PPPP#.....#.#...#..._._._._...
###############+##.._._._._._..
#._._._._._.⌠. ##############


You could see 2 spriggans.

Vanquished Creatures
  A scorpion (D)
  3 oklob saplings (D)
  A river rat (D)
  A rat (D)
6 creatures vanquished.

Notes
Turn   | Place    | Note
-------+----------+-------------------------------------------
     0 | D        | Arandomuser85 the Kobold Brigand began the quest for the
                  | Orb.
     0 | D        | Reached XP level 1. HP: 12/12 MP: 1/1
    17 | D        | Reached skill level 7 in Stealth
    17 | D        | Reached XP level 2. HP: 12/18 MP: 2/2
   270 | D        | Noticed an oklob sapling
   272 | D        | Killed an oklob sapling
   273 | D        | Reached skill level 9 in Stealth
   273 | D        | Reached XP level 3. HP: 23/23 MP: 3/3
   275 | D        | Noticed a scorpion
   275 | D        | Found the amulet of invisibility {+Inv}
   277 | D        | Killed a scorpion
   278 | D        | Reached skill level 11 in Stealth
   278 | D        | Reached XP level 4. HP: 28/28 MP: 4/4
   294 | D        | Found an opulent altar of Gozag.
   294 | D        | Found a sacrificial altar of Ru.
   295 | D        | Found a burning altar of Makhleb.
   295 | D        | Found an ornate altar of the Wu Jian Council.
   295 | D        | Found a shimmering altar of Xom.
   296 | D        | Found a hazy altar of Hepliaklqana.
   296 | D        | Found a shimmering blue altar of Sif Muna.
   297 | D        | Found a sparkling altar of Nemelex Xobeh.
   297 | D        | Found a snail-covered altar of Cheibriados.
   297 | D        | Found a basalt altar of Yredelemnul.
   298 | D        | Found a viscous altar of Jiyva.
   298 | D        | Found a bloodstained altar of Trog.
   298 | D        | Noticed an oklob sapling priest
   299 | D        | Found an iron altar of Okawaru.
   299 | D        | Found a shadowy altar of Dithmenos.
   299 | D        | Found a glowing silver altar of Zin.
   300 | D        | Found an ancient bone altar of Kikubaaqudgha.
   300 | D        | Found a hide-covered altar of Uskayaw.
   301 | D        | Found a stormy altar of Qazlal.
   301 | D        | Found a white marble altar of Elyvilon.
   301 | D        | Found a glowing golden altar of the Shining One.
   302 | D        | Killed an oklob sapling priest
   303 | D        | Reached skill level 5 in Short Blades
   303 | D        | Reached skill level 12 in Stealth
   303 | D        | Reached XP level 5. HP: 33/33 MP: 5/5
   303 | D        | Found a corrupted altar of Lugonu.
   303 | D        | Found a radiant altar of Vehumet.
   308 | D        | Became a worshipper of Dithmenos the Shadowed
   319 | D        | Reached skill level 13 in Stealth
   327 | D        | Identified a scroll of acquirement
   327 | D        | Acquired a manual of Dodging
   361 | D        | Slain by a spriggan

Illustrated notes

Levels and vault maps discovered:
D:        dungeon_sprint_fedhas [sprint_temple]

Skill      XL: |  1  2  3  4  5 |
---------------+----------------+-----
Short Blades   | 3 4 5 |  5.3
Dodging        | 2 3 4 |  4.6
Stealth        | 7 9 11 12 13 | 13.7
Fighting       | 3 4 |  4.3
Throwing       | |  2.1

Action                   |  1- 3 |  4- 6 || total
-------------------------+-------+-------++-------
Melee: Dagger            |    10 |    14 ||    24
  Use: Potion            |     2 |     2 ||     4
       Scroll            |       |     2 ||     2
 Stab: Sleeping          |     2 |     2 ||     4
Dodge: Dodged            |     2 |    11 ||    13
